 Dungeon Crawl Stone Soup version 0.31-a0-1074-g0b22e4e0f1 (webtiles) character file.

Game seed: 5732885856776554146

192 kae the Sneak (level 5, -11/37 HPs)
             Began as a Demonspawn Enchanter on Nov 26, 2023.
             Mangled by an ogre
             ... wielding a +0 giant club
              (24 damage)
             ... on level 4 of the Dungeon.
             The game lasted 00:02:47 (3518 turns).

kae the Sneak (Demonspawn Enchanter)                Turns: 3518, Time: 00:02:47

Health: -11/37     AC:  6    Str:  8    XL:     5   Next: 42%
Magic:  8/8        EV: 11    Int: 19    God:
Gold:   109        SH:  0    Dex: 13    Spells: 3/8 levels left

rFire   + . .        a - +2 dagger
rCold   . . .        (no shield)
rNeg    . . .        k - +0 leather armour
rPois   .            (no helmet)
rElec   .            (no cloak)
rCorr   .            (no gloves)
SInv    .            (no boots)
Will    .....        (no amulet)
Stlth   ++           F - ring of protection from fire
HPRegen 0.26/turn    (no ring)
MPRegen 0.11/turn

%: no passive effects
@: no status effects
A: thin metallic scales 2
a: no special abilities


You were on level 4 of the Dungeon.
You visited 1 branch of the dungeon, and saw 4 of its levels.

You collected 109 gold pieces.


Innate Abilities, Weirdness & Mutations

You are mostly covered in thin metallic scales. (AC +3)


   Skills:
 + Level 1.5 Fighting
 * Level 2.1 Short Blades
 + Level 2.4 Dodging
 * Level 3.8 Stealth
 + Level 2.4 Spellcasting
 + Level 3.4 Hexes
 + Level 1.0 Ice Magic


You had 3 spell levels left.
You knew the following spells:

 Your Spells              Type           Power      Damage    Failure   Level
a - Ensorcelled Hibernat  Hex/Ice        22%        N/A       14%         2
b - Confusing Touch       Hex            15%        N/A       17%         3

Your spell library contained the following spells:

 Spells                   Type           Power      Damage    Failure   Level
 Tukima's Dance           Hex            15%        N/A       17%         3
 Dazzling Flash           Conj/Hex       16%        N/A       34%         3

Inventory:

Hand Weapons
 a - a +2 dagger (weapon)
Missiles
 f - 35 stones
Armour
 b - a +1 robe
 k - a +0 leather armour (worn)
   (You found it on level 2 of the Dungeon)
Jewellery
 F - a ring of protection from fire (left hand)
   (You found it on level 1 of the Dungeon)
Wands
 j - a wand of quicksilver (8)
   (You found it on level 4 of the Dungeon)
Scrolls
 d - a scroll of enchant armour
Potions
 c - a potion of invisibility
 e - 2 potions of attraction {unknown}
 g - a potion of might
 h - 2 potions of brilliance
 i - a potion of lignification {unknown}
 l - a potion of degeneration {unknown}
 m - a potion of berserk rage {unknown}
 n - a potion of curing {unknown}

Dungeon Overview and Level Annotations

Branches:
Dungeon (4/15) Zot: 20416
 Temple: D:4-7

Altars:

#........ #........
##########........ ....
###...............##
......#...#.............#.
......#...#.......#######.
......#...#.......# .....
......#...#...>...# .....
.....###@#.......# .....
#.>.JJO..###### ..##.
+........# .. ##
#...S....# #........#
#........# #........#
#........# #..!.....#


You could see an ogre, 2 endoplasms and a ball python.


Message History

Aim: a hobgoblin (chance to affect: 62%)
The hobgoblin resists with significant effort.
The hobgoblin barely misses you. 😎 MP[-2]
You lost 2 mp, and now have 5/8 mp.
You barely miss the hobgoblin. The hobgoblin misses you.
You barely miss the hobgoblin.
The hobgoblin hits you but does no damage.
Casting: Ensorcelled Hibernation (safe; 14% risk of failure)
Confirm with . or Enter, or press ? or * to list all spells.
Aiming: Ensorcelled Hibernation (safe; 14% risk of failure)
Press: ? - help, Shift-Dir - straight line, f/p - hobgoblin
Aim: a hobgoblin (chance to affect: 62%)
The hobgoblin looks drowsy... 😎 MP[-2]
You lost 2 mp, and now have 3/8 mp.
The helpless hobgoblin fails to defend itself.
You impale the hobgoblin!!
You kill the hobgoblin!
You start resting. 😎 MP[+3]
You regained 3 mp, and now have 6/8 mp.
You start resting. 😎 MP[+2]
Your mp is fully restored (8).
There is an open door here.
You open the door.
An endoplasm comes into view.
An endoplasm is nearby!
An endoplasm is nearby!
An endoplasm is nearby!
A ball python comes into view.
There is an open door here.
The helpless ball python fails to defend itself.
You impale the ball python!!
You kill the ball python!
An endoplasm is nearby!
The helpless endoplasm fails to defend itself.
You impale the endoplasm!!
You kill the endoplasm!
There is an open door here.
There is an open door here.
A ball python comes into view.
Found an escape hatch in the floor.
A ball python is nearby!
A ball python is nearby!
A ball python is nearby!
The helpless ball python fails to defend itself.
You impale the ball python!!
You kill the ball python!
No target in view!
You open the door.
An endoplasm comes into view.
An endoplasm is nearby!
An endoplasm is nearby!
Found a stone staircase leading down.
There is an open door here.
An endoplasm is nearby!
An endoplasm comes into view.
An ogre comes into view. It is wielding a +0 giant club.
The endoplasm quivers.
There are monsters nearby!
The ogre shouts!
A ball python comes into view.
The endoplasm barely misses you.
There are monsters nearby!
The ball python hisses angrily.
The endoplasm quivers.
You hit the endoplasm but do no damage. The endoplasm barely misses you.
You hit the endoplasm. The endoplasm freezes you.
You are frozen.
The endoplasm barely misses you. 😕 HP[-1]
You take 1 damage, and now have 36/37 hp.
There are monsters nearby!
You hit the endoplasm but do no damage.
The endoplasm hits you but does no damage.
The endoplasm jiggles.
The endoplasm hits you but does no damage.
The ogre hits you with a +0 giant club!!
Ouch! That really hurt!
* * * LOW HITPOINT WARNING * * *
You are too injured to fight recklessly! 😨 HP[-24]
You take 24 damage, and now have 12/37 hp.
MASSIVE DAMAGE!! (PAUSE)
Okay, then.
Okay, then. 😨 HP[+1]
The endoplasm attacks as it pursues you!
The endoplasm hits you but does no damage.
The endoplasm attacks as it pursues you!
The endoplasm hits you but does no damage.
The endoplasm attacks as it pursues you!
The endoplasm barely misses you.
The endoplasm attacks as it pursues you!
The endoplasm closely misses you. The ogre attacks as it pursues you!
The ogre hits you with a +0 giant club!!
Ouch! That really hurt!
You die...

Skill      XL: |  1  2  3  4 |
---------------+-------------+-----
Short Blades   | 1 2 |  2.1
Stealth        | 3 |  3.8
Dodging        | 2 |  2.4
Fighting       | 1 |  1.5
Ice Magic      | 1 |  1.0
Spellcasting   | |  2.4
Hexes          | |  3.4

Action                     |  1- 3 |  4- 6 || total
---------------------------+-------+-------++-------
  Melee: Dagger            |   110 |    96 ||   206
         Punch             |       |     2 ||     2
   Cast: Ensorcelled Hiber |     2 |    13 ||    15
    Use: Scroll            |     5 |     5 ||    10
         Potion            |     1 |       ||     1
   Stab: Sleeping          |    11 |    15 ||    26
         Invisible         |     1 |       ||     1
 Armour: Robe              |    43 |       ||    43
         Leather armour    |     4 |    58 ||    62
  Dodge: Dodged            |    63 |    54 ||   117

Levels and vault maps discovered:
D:1:      minmay_arrival_radiant_lines, layout_loops_corners, serial_rivers,
          chequers_serial_rivers_micro_c, chequers_serial_rivers_micro_d,
          chequers_serial_rivers_large_b, chequers_serial_rivers_marsh,
          chequers_serial_rivers_micro_b, chequers_serial_rivers_micro_e,
          serial_bayou_crossing
D:2:      layout_basic
D:3:      layout_basic, serial_rivers, chequers_serial_rivers_micro_c,
          chequers_serial_rivers_large_a, chequers_serial_rivers_micro_e,
          chequers_serial_rivers_micro_d, chequers_serial_rivers_micro_d
D:4:      layout_gridville, uniq_natasha, uniq_pikel

Notes
Turn   | Place    | Note
-------+----------+-------------------------------------------
     0 | D:1      | kae the Demonspawn Enchanter began the quest for the Orb.
     0 | D:1      | Reached XP level 1. HP: 13/13 MP: 3/3
     0 | D:1      | magus.rc [v1.11.3]
    48 | D:1      | Reached skill level 1 in Short Blades
   152 | D:1      | HP: 3/13 [quokka (4)]
   153 | D:1      | HP: 1/13 [quokka (2)]
   337 | D:1      | Gained mutation: You are partially covered in thin metallic
                  | scales. (AC +2) [demonic ancestry]
   337 | D:1      | Reached XP level 2. HP: 19/19 MP: 5/5
   339 | D:1      | Reached skill level 3 in Stealth
   359 | D:1      | Learned a level 2 spell: Ensorcelled Hibernation
   608 | D:1      | Reached skill level 2 in Dodging
   705 | D:1      | Reached XP level 3. HP: 15/25 MP: 2/6
  1212 | D:1      | Learned a level 3 spell: Confusing Touch
  1653 | D:2      | Reached XP level 4. HP: 24/31 MP: 2/7
  2510 | D:3      | Reached skill level 1 in Fighting
  3326 | D:4      | Noticed Natasha
  3328 | D:4      | Reached skill level 2 in Short Blades
  3341 | D:4      | Killed Natasha
  3342 | D:4      | Reached skill level 1 in Ice Magic
  3342 | D:4      | Gained mutation: You are mostly covered in thin metallic
                  | scales. (AC +3) [demonic ancestry]
  3342 | D:4      | Reached XP level 5. HP: 20/37 MP: 1/8
  3508 | D:4      | Noticed an ogre
  3518 | D:4      | Mangled by an ogre

Vanquished Creatures
  2 hounds (D:4)
  Natasha (D:4)
  A gnoll (D:1)
  3 adders
  A worm (D:2)
  4 dart slugs
  7 endoplasms
  4 giant cockroaches
  7 hobgoblins
  4 jackals (D:1)
  3 quokkas
  4 ball pythons
  7 bats
  7 kobolds
  6 rats
61 creatures vanquished.

Table legend:
 A = Non-vault XP
 B = Vault XP
 C = Vault XP percentage of total XP
 D = Non-vault monster count
 E = Vault monster count
 F = Vault count percentage of total count
                 A         B        C        D         E       F
            +---------+---------+-------+---------+---------+-------
      Total |     240 |      35 |  12.7 |      59 |       1 |   1.7
            +---------+---------+-------+---------+---------+-------
        D:1 |      59 |       0 |   0.0 |      25 |       0 |   0.0
        D:2 |      56 |       0 |   0.0 |      16 |       0 |   0.0
        D:3 |      33 |       0 |   0.0 |      12 |       0 |   0.0
        D:4 |      92 |      35 |  27.6 |       6 |       1 |  14.3
            +---------+---------+-------+---------+---------+-------

Skill      XL: |  1  2  3  4 |
---------------+-------------+-----
Short Blades   | 1 2 |  2.1
Stealth        | 3 |  3.8
Dodging        | 2 |  2.4
Fighting       | 1 |  1.5
Ice Magic      | 1 |  1.0
Spellcasting   | |  2.4
Hexes          | |  3.4

Action                     |  1- 3 |  4- 6 || total
---------------------------+-------+-------++-------
  Melee: Dagger            |   110 |    96 ||   206
         Punch             |       |     2 ||     2
   Cast: Ensorcelled Hiber |     2 |    13 ||    15
    Use: Scroll            |     5 |     5 ||    10
         Potion            |     1 |       ||     1
   Stab: Sleeping          |    11 |    15 ||    26
         Invisible         |     1 |       ||     1
 Armour: Robe              |    43 |       ||    43
         Leather armour    |     4 |    58 ||    62
  Dodge: Dodged            |    63 |    54 ||   117

Illustrated notes

Table legend:
 A = Kills in this place as a percentage of kills in the entire game.
 B = Kills by you in this place as a percentage of kills by you in the entire game.
 C = Kills by friends in this place as a percentage of kills by friends in the entire game.
 D = Other kills in this place as a percentage of other kills in the entire game.
 E = Experience gained in this place as a percentage of experience gained in the entire game.
 F = Experience gained in this place divided by the number of levels of this place that you have seen.
                   A       B       C       D       E      F
               +-------+-------+-------+-------+-------+----------------------
         Total | 100.0 | 100.0 |   N/A |   N/A | 100.0 |  68.8
       Dungeon | 100.0 | 100.0 |   N/A |   N/A | 100.0 |  68.8
               +-------+-------+-------+-------+-------+----------------------

Table legend: (Time is in decaauts)
 A = Elapsed time spent in this place.
 B = Non-inter-level travel time spent in this place.
 C = Inter-level travel time spent in this place.
 D = Time resting spent in this place.
 E = Time spent auto-exploring this place.
 F = Levels seen in this place.
 G = Mean time per level.
                   A        B        C        D        E       F      G
               +--------+--------+--------+--------+--------+-----+--------+
         Total |   3582 |   3491 |     91 |    266 |   2682 |   4 |  895.5 |
       Dungeon |   3582 |   3491 |     91 |    266 |   2682 |   4 |  895.5 |
               +--------+--------+--------+--------+--------+-----+--------+

Top non-repeatable levels by time:
     D:1: 1286 daAuts
     D:2: 1073 daAuts
     D:3: 994 daAuts
     D:4: 228 daAuts
